[Event "Titled Tuesday Blitz January 31 Early 2023"]
[White "Mladek, Richard"]
[Black "Mitrovic, Darko R"]
[WhiteFideId "386588"]
[BlackFideId "927023"]
[WhiteElo "2436"]
[BlackElo "2220"]
[Result "1-0"]
[Round "09"]
[TimeControl "180+2"]
[Date "2023.01.31"]
[WhiteClock "0:00:57"]
[BlackClock "0:00:01"]

1. d4 Nf6 2. c4 e6 3. Nf3 Bb4+ 4. Nbd2 O-O 5. a3 Bxd2+ 6. Bxd2 d6 7. g3 b6 8. Bg2 Bb7 9. O-O Nbd7 10. b3 Be4 11. Bc3 Qe7 12. Re1 h6 13. Bh3 Bf5 14. Bxf5 exf5 15. d5 Ne4 16. Bb2 Ng5 17. Nd4 g6 18. Nc6 Qe4 19. f3 Qe3+ 20. Kg2 f4 21. Bd4 Qe8 22. gxf4 Nh7 23. e4 Ndf6 24. Bb2 Nh5 25. Qd4 Nxf4+ 26. Kh1 f6 27. e5 fxe5 28. Nxe5 dxe5 29. Rxe5 Qf7 30. Rf5 Qxf5 31. Qg7# 1-0


[Site "https://www.chess.com"]

[Event "Titled Tuesday Blitz January 31 Early 2023"]
[White "Rosenberg, Evan S"]
[Black "Wartiovaara, Oliver"]
[WhiteFideId "2019299"]
[BlackFideId "513024"]
[WhiteElo "1956"]
[BlackElo "2264"]
[Result "0-1"]
[Round "09"]
[TimeControl "180+2"]
[Date "2023.01.31"]
[WhiteClock "0:00:05"]
[BlackClock "0:01:00"]

1. d4 Nc6 2. Nf3 g6 3. d5 Nb8 4. e4 Bg7 5. e5 c6 6. c4 cxd5 7. cxd5 d6 8. Bb5+ Bd7 9. Bxd7+ Nxd7 10. e6 fxe6 11. dxe6 Nc5 12. O-O Nf6 13. Ng5 O-O 14. Nc3 Rc8 15. Re1 Qb6 16. Qe2 Qa6 17. Qxa6 bxa6 18. Be3 Nd3 19. Re2 Ng4 20. Bxa7 Nxb2 21. Nd5 Rfe8 22. Rb1 h6 23. h3 hxg5 24. hxg4 Nd3 25. Rb7 Be5 26. Nxe7+ Rxe7 27. f4 0-1


[Site "https://www.chess.com"]

[Event "Titled Tuesday Blitz January 31 Early 2023"]
[White "Zacurdajev, Dmitry"]
[Black "Ruiz Aguilar, Pablo Alexander"]
[WhiteFideId "4196309"]
[BlackFideId "4401352"]
[WhiteElo "2273"]
[BlackElo "2161"]
[Result "0-1"]
[Round "09"]
[TimeControl "180+2"]
[Date "2023.01.31"]
[WhiteClock "0:00:18"]
[BlackClock "0:00:53"]

1. d4 d5 2. c4 c6 3. Nc3 Nf6 4. Nf3 e6 5. Bg5 Be7 6. e3 Nbd7 7. Qc2 O-O 8. Rd1 b6 9. Bd3 Bb7 10. cxd5 exd5 11. O-O Re8 12. Rb1 Nf8 13. b4 a6 14. a4 g6 15. Ne5 Ne6 16. Bh4 Rc8 17. Qe2 Ra8 18. f4 Nd7 19. Bxe7 Qxe7 20. f5 Ng5 21. Nxd7 Qxd7 22. Rbe1 c5 23. bxc5 bxc5 24. Qg4 Ne4 25. Bxe4 dxe4 26. dxc5 Rac8 27. Rd1 Qe7 28. f6 Qxc5 29. Qh4 Qxe3+ 30. Kh1 Rxc3 31. Rde1 Qc5 32. Qh6 Qf8 33. Qd2 Rd3 34. Qb4 Qxb4 0-1


[Site "https://www.chess.com"]

[Event "Titled Tuesday Blitz January 31 Early 2023"]
[White "Schut, Han"]
[Black "Fernandez Garcia, Gumersindo"]
[WhiteFideId "1005561"]
[BlackFideId "24516740"]
[WhiteElo "2101"]
[BlackElo "2160"]
[Result "0-1"]
[Round "09"]
[TimeControl "180+2"]
[Date "2023.01.31"]
[WhiteClock "0:00:31"]
[BlackClock "0:00:42"]

1. e4 e5 2. Nf3 Nc6 3. Bc4 Nf6 4. d4 exd4 5. e5 d5 6. Bb5 Nd7 7. O-O Bc5 8. Bxc6 bxc6 9. Bg5 Be7 10. Nxd4 Nb8 11. Bxe7 Qxe7 12. Nc3 O-O 13. Re1 Rd8 14. Qf3 g6 15. Nxc6 Nxc6 16. Nxd5 Qe6 17. Nxc7 Qe7 18. Qxc6 Bd7 19. Nd5 Qe6 20. Nf6+ Kg7 21. Nxd7 Qxc6 22. e6 fxe6 23. Ne5 Qxc2 24. Rac1 Qxb2 25. Rc7+ Kg8 26. Nf7 Rac8 27. Nh6+ Kh8 28. Rxa7 Rf8 29. h4 Qxf2+ 0-1


[Site "https://www.chess.com"]

[Event "Titled Tuesday Blitz January 31 Early 2023"]
[White "Begunov, Konstantin"]
[Black "Ciuffoletti, Paolo"]
[WhiteFideId "4118510"]
[BlackFideId "807630"]
[WhiteElo "2325"]
[BlackElo "2106"]
[Result "0-1"]
[Round "09"]
[TimeControl "180+2"]
[Date "2023.01.31"]
[WhiteClock "0:00:13"]
[BlackClock "0:00:18"]

1. d4 d5 2. c4 c6 3. Nc3 Nf6 4. Nf3 dxc4 5. a4 e6 6. e4 Bb4 7. e5 Nd5 8. Bd2 Bxc3 9. bxc3 b5 10. Ng5 f6 11. exf6 Qxf6 12. Ne4 Qg6 13. Nd6+ Ke7 14. Nxc8+ Rxc8 15. Qf3 Rf8 16. Qg3 Qxg3 17. hxg3 h6 18. Be2 Nd7 19. f4 N7b6 20. axb5 cxb5 21. Bf3 Na4 22. Ra3 Kd6 23. Kd1 Nb2+ 24. Kc2 Nd3 25. Rha1 Rf7 26. Ra6+ Ke7 27. Rxa7+ Rxa7 28. Rxa7+ Kf6 29. Ra6 Rd7 30. Be4 b4 31. Bxd3 b3+ 32. Kb2 cxd3 33. Kxb3 Rb7+ 34. Kc4 Rb1 35. Kxd3 Rg1 36. c4 Ne7 37. d5 Rxg2 38. Rxe6+ Kf7 39. Bb4 Rxg3+ 40. Kd4 Nf5+ 0-1


[Site "https://www.chess.com"]

[Event "Titled Tuesday Blitz January 31 Early 2023"]
[White "Martin, Lewis"]
[Black "Belenkaya, Dina"]
[WhiteFideId "410551"]
[BlackFideId "24142654"]
[WhiteElo "2135"]
[BlackElo "2267"]
[Result "1-0"]
[Round "09"]
[TimeControl "180+2"]
[Date "2023.01.31"]
[WhiteClock "0:01:05"]
[BlackClock "0:00:10"]

1. e4 d5 2. exd5 Qxd5 3. Nc3 Qe5+ 4. Qe2 Qxe2+ 5. Bxe2 Nf6 6. Nf3 c6 7. O-O Bf5 8. d3 Nbd7 9. Re1 e6 10. Bf4 Be7 11. h3 h6 12. a4 O-O-O 13. a5 g5 14. Bh2 Bb4 15. a6 Rhe8 16. axb7+ Kxb7 17. Nd4 Bg6 18. Bf3 Nd5 19. Nxd5 exd5 20. Rxe8 Rxe8 21. c4 Bc5 22. Nb3 Bxd3 23. cxd5 Be4 24. Bxe4 Rxe4 25. Na5+ Kb6 26. dxc6 Ne5 27. Bxe5 Bb4 28. c7 1-0


[Site "https://www.chess.com"]

[Event "Titled Tuesday Blitz January 31 Early 2023"]
[White "Sanchez, Robert"]
[Black "Clawitter, Craig"]
[WhiteFideId "2034360"]
[BlackFideId "2023105"]
[WhiteElo "1966"]
[BlackElo "2050"]
[Result "1-0"]
[Round "09"]
[TimeControl "180+2"]
[Date "2023.01.31"]
[WhiteClock "0:01:17"]
[BlackClock "0:00:27"]

1. e4 e6 2. d4 d5 3. Nd2 Be7 4. Ngf3 Nf6 5. e5 Nfd7 6. c3 c5 7. Bd3 Nc6 8. O-O a5 9. c4 dxc4 10. Nxc4 cxd4 11. Re1 O-O 12. Qe2 Nc5 13. Bf4 Nxd3 14. Qxd3 b6 15. Rad1 Ba6 16. b3 Nb4 17. Qb1 d3 18. Re3 Bxc4 19. bxc4 Qc7 20. a3 Qxc4 21. Bg5 Nd5 22. Rexd3 Bxg5 23. Nxg5 Qh4 24. Rg3 h6 25. Qh7# 1-0


[Site "https://www.chess.com"]

[Event "Titled Tuesday Blitz January 31 Early 2023"]
[White "Corredor Castellanos, Camilo"]
[Black "Oglaza, Oskar"]
[WhiteFideId "4425871"]
[BlackFideId "1194402"]
[WhiteElo "1957"]
[BlackElo "2304"]
[Result "1-0"]
[Round "09"]
[TimeControl "180+2"]
[Date "2023.01.31"]
[WhiteClock "0:00:40"]
[BlackClock "0:00:01"]

1. d4 Nf6 2. c4 e6 3. Nf3 b6 4. g3 Bb7 5. Bg2 Bb4+ 6. Bd2 a5 7. O-O O-O 8. Qc2 c5 9. a3 Bxd2 10. Nbxd2 cxd4 11. Nxd4 Bxg2 12. Kxg2 Nc6 13. Nb5 Qe7 14. Ne4 Nxe4 15. Qxe4 Rac8 16. Rac1 Rfd8 17. Rfd1 Qc5 18. e3 f5 19. Qf4 Ne7 20. Qd6 Qxd6 21. Rxd6 Rc6 22. Rd4 d5 23. Rcd1 Rc5 24. Nc3 e5 25. R4d2 Rxc4 26. Nxd5 Nxd5 27. Rxd5 Rxd5 28. Rxd5 Rc5 29. Rd7 Rb5 30. b4 axb4 31. axb4 Rxb4 32. Rd5 Re4 33. Rb5 Rc4 34. Rxe5 g6 35. Re7 Rb4 36. Rb7 b5 37. Kf3 Rb3 38. Kf4 Rb2 39. f3 b4 40. h4 b3 41. Kg5 Re2 42. Rxb3 Rf2 43. Kf4 Kg7 44. h5 Kf6 45. Rb6+ Kf7 46. h6 Rh2 47. Rb7+ 1-0


[Site "https://www.chess.com"]

[Event "Titled Tuesday Blitz January 31 Early 2023"]
[White "MunichMouse"]
[Black "Krzywda, Andrzej"]
[BlackFideId "1114565"]
[WhiteElo "2204"]
[BlackElo "2223"]
[Result "0-1"]
[Round "09"]
[TimeControl "180+2"]
[Date "2023.01.31"]
[WhiteClock "0:00:09"]
[BlackClock "0:01:08"]

1. d4 d5 2. c4 e6 3. Nf3 Nf6 4. g3 Bb4+ 5. Bd2 Be7 6. Nc3 dxc4 7. Qa4+ Bd7 8. Qxc4 Bc6 9. Bg2 O-O 10. O-O Nbd7 11. Qd3 a6 12. a4 Re8 13. e4 Nc5 14. Qe3 Ncxe4 15. Ne5 Nxd2 16. Nxc6 Nxf1 17. Nxe7+ Rxe7 18. Rxf1 Nd5 19. Qe2 Nxc3 20. bxc3 c6 21. Rb1 Rd7 22. Qe5 Qf6 23. Qc5 Qf5 24. Qb6 Rad8 25. f4 Qd3 26. Qb4 c5 27. dxc5 Qe3+ 0-1


[Site "https://www.chess.com"]

[Event "Titled Tuesday Blitz January 31 Early 2023"]
[White "Babikov, Ivan"]
[Black "Thomas, Anysia"]
[WhiteFideId "4161106"]
[BlackFideId "670472"]
[WhiteElo "2239"]
[BlackElo "2147"]
[Result "1-0"]
[Round "09"]
[TimeControl "180+2"]
[Date "2023.01.31"]
[WhiteClock "0:00:19"]
[BlackClock "0:00:02"]

1. d4 Nf6 2. Bg5 d5 3. Bxf6 gxf6 4. e3 c5 5. dxc5 Nc6 6. Nf3 e5 7. c4 d4 8. exd4 exd4 9. Bd3 Bxc5 10. O-O Be6 11. b3 Qd6 12. Nbd2 f5 13. Re1 O-O-O 14. Nf1 Rhg8 15. Ng3 Qd7 16. Kh1 Bb6 17. Nh5 Rg6 18. Nf4 Rh6 19. Qe2 Re8 20. a3 Bc7 21. Qd2 Qd6 22. g3 Qf8 23. b4 Rf6 24. Re2 h5 25. b5 Nd8 26. Rae1 h4 27. Nxd4 hxg3 28. fxg3 Qc5 29. Ndxe6 fxe6 30. Qc3 Rh6 31. Qb4 Qb6 32. c5 Qa5 33. Rf1 Qxb4 34. axb4 e5 35. Bxf5+ Kb8 36. Nd5 Reh8 37. Nxc7 Kxc7 38. Rff2 Nf7 39. Bd3 Ng5 40. Rxe5 1-0


[Site "https://www.chess.com"]

[Event "Titled Tuesday Blitz January 31 Early 2023"]
[White "Ardila, Oscar Humberto"]
[Black "Prieto Aranguren, Alain"]
[WhiteFideId "4404742"]
[BlackFideId "2268906"]
[WhiteElo "1982"]
[BlackElo "2258"]
[Result "0-1"]
[Round "09"]
[TimeControl "180+2"]
[Date "2023.01.31"]
[WhiteClock "0:00:09"]
[BlackClock "0:00:24"]

1. d4 c6 2. c4 d6 3. Nf3 Bg4 4. e3 Na6 5. Be2 Nf6 6. h3 Bh5 7. O-O e6 8. b3 Be7 9. Bb2 O-O 10. Nbd2 Rc8 11. Rc1 Qa5 12. a3 d5 13. b4 Qd8 14. Qb3 Ne4 15. g4 Nxd2 16. Nxd2 Bg6 17. c5 Nc7 18. a4 Bh4 19. Nf3 Be4 20. Ne1 Ne8 21. Bf3 Nf6 22. Bg2 h5 23. Qd1 hxg4 24. hxg4 Bxg2 25. Nxg2 Ne4 26. Bc3 f5 27. Be1 Kf7 28. f3 Bxe1 29. Qxe1 Nf6 30. gxf5 exf5 31. Qg3 Rh8 32. Nf4 Rh6 33. Kf2 Qh8 34. Ng2 Rh2 35. b5 Qh3 36. Qxh3 Rxh3 37. bxc6 bxc6 38. Rb1 Rc7 39. Rb8 Nh5 40. a5 Kf6 41. a6 g5 42. Rb7 Rg7 43. Rfb1 g4 44. Rxg7 Rxf3+ 45. Ke2 Ng3+ 46. Kd3 Kxg7 47. Rb7+ Kf6 48. Rxa7 Rf2 49. Nf4 Ne4 50. Ne2 g3 51. Ra8 g2 52. Rg8 Kf7 53. a7 Kxg8 54. a8=Q+ Kg7 55. Qa7+ Kg6 56. Qb6 g1=Q 57. Qxc6+ Kg5 58. Nxg1 Rd2# 0-1


[Site "https://www.chess.com"]

[Event "Titled Tuesday Blitz January 31 Early 2023"]
[White "Levitan, Caleb Levi"]
[Black "ritanovikova"]
[WhiteFideId "14332620"]
[WhiteElo "2129"]
[BlackElo "2206"]
[Result "0-1"]
[Round "09"]
[TimeControl "180+2"]
[Date "2023.01.31"]
[WhiteClock "0:00:04"]
[BlackClock "0:00:34"]

1. e4 d5 2. exd5 Qxd5 3. Nc3 Qd6 4. d4 Nf6 5. Nf3 Bf5 6. Bd3 Bxd3 7. Qxd3 a6 8. Bg5 h6 9. Bh4 Qb4 10. O-O Nbd7 11. a3 Qb6 12. b4 e6 13. Na4 Qc6 14. Nc5 Nxc5 15. dxc5 Be7 16. Nd4 Qe4 17. Qxe4 Nxe4 18. Bxe7 Kxe7 19. Rfe1 Nc3 20. Re3 Nd5 21. Rg3 Rhg8 22. c4 Nf6 23. Re1 g6 24. Rge3 Rgf8 25. c6 bxc6 26. Nxc6+ Kd7 27. Ne5+ Kc8 28. Rf3 Ne8 29. Rxf7 Rxf7 30. Nxf7 Kd7 31. Nxh6 Nd6 32. c5 Nb5 33. Ng4 Nxa3 34. Ne5+ Ke7 35. Nxg6+ Kf6 36. Nf4 Nc2 37. Rb1 Rb8 38. Nd3 a5 39. Rb2 Nd4 40. Kf1 a4 41. Ra2 Ra8 42. Nb2 a3 43. Nc4 Nb5 44. Ke2 Kf5 45. Kd3 e5 46. Kc2 e4 47. Kb3 Nd4+ 48. Kc3 Nb5+ 49. Kc2 Nd4+ 50. Kc3 Nb5+ 51. Kd2 Rd8+ 52. Ke2 Nc3+ 53. Ke3 Nxa2 54. c6 Nxb4 55. g4+ Kxg4 56. Ne5+ Kf5 57. Nf7 Rd3+ 58. Ke2 a2 59. Nd6+ cxd6 60. c7 Rc3 0-1


[Site "https://www.chess.com"]

[Event "Titled Tuesday Blitz January 31 Early 2023"]
[White "rikchessmx"]
[Black "Bongo Akanga Ndjila, Barthelemy"]
[BlackFideId "10609431"]
[WhiteElo "2329"]
[BlackElo "1824"]
[Result "1-0"]
[Round "09"]
[TimeControl "180+2"]
[Date "2023.01.31"]
[WhiteClock "0:01:32"]
[BlackClock "0:00:25"]

1. e4 e6 2. d4 d5 3. Nc3 Nf6 4. Bg5 Be7 5. e5 Nfd7 6. h4 h6 7. Qh5 Bxg5 8. hxg5 a6 9. Nf3 c5 10. dxc5 Nxc5 11. O-O-O Nc6 12. Be2 b5 13. g6 Qe7 14. Nh4 Qg5+ 15. Qxg5 hxg5 16. gxf7+ Kxf7 17. Nf3 Rxh1 18. Rxh1 g4 19. Ng5+ Kg6 20. f4 Nxe5 21. b4 Na4 22. Nxa4 bxa4 23. Rh8 Bb7 24. Rxa8 Bxa8 25. Nxe6 Nc4 26. Bxg4 Ne3 27. Bf3 Kf5 28. Nd4+ Kxf4 29. Kd2 Nc4+ 30. Kc3 g5 31. Ne6+ Kf5 32. Nc7 Bc6 33. Nxd5 Bxd5 34. Bxd5 Ne3 35. Bb7 g4 36. Kd3 Kf4 37. g3+ Kxg3 38. Kxe3 Kh3 39. Bxa6 g3 40. Bb7 g2 41. Bxg2+ Kxg2 42. b5 1-0


[Site "https://www.chess.com"]

[Event "Titled Tuesday Blitz January 31 Early 2023"]
[White "kiwibobo"]
[Black "Matveeva, Olga"]
[BlackFideId "24107018"]
[WhiteElo "2040"]
[BlackElo "2128"]
[Result "0-1"]
[Round "09"]
[TimeControl "180+2"]
[Date "2023.01.31"]
[WhiteClock "0:00:08"]
[BlackClock "0:00:08"]

1. e4 e6 2. d4 d5 3. Nd2 c5 4. Ngf3 cxd4 5. Nxd4 Nc6 6. Bb5 Bd7 7. Nxc6 bxc6 8. Bd3 Bd6 9. Qe2 e5 10. c4 Nf6 11. O-O O-O 12. cxd5 cxd5 13. exd5 Nxd5 14. Be4 Be6 15. Nc4 Rc8 16. Rd1 Rxc4 17. Qxc4 Ne3 18. Qd3 Nxd1 19. Qxd1 Bc5 20. Qxd8 Rxd8 21. Be3 Bxe3 22. fxe3 Rd2 23. Rc1 g6 24. Rc2 Rd1+ 25. Kf2 Bxa2 26. Rc7 a5 27. Ra7 Rd2+ 28. Kg3 Rxb2 29. Rxa5 f6 30. Ra6 Kg7 31. Ra7+ Kh6 32. Rf7 f5 33. Bf3 e4 34. Bd1 Bb1 35. Rc7 Bd3 36. Rd7 Bf1 37. Kf4 Rxg2 38. h4 Rf2+ 39. Kg3 Rg2+ 40. Kf4 Rh2 41. Kg3 Rh3+ 42. Kf4 Rxh4+ 43. Ke5 Rh3 44. Kf6 Rxe3 45. Ba4 f4 46. Bc6 f3 47. Bd5 Bh3 48. Re7 f2 49. Bg8 f1=Q+ 50. Ke5 Kg5 51. Rf7 Qxf7 52. Bxf7 Rf3 53. Bd5 e3 54. Bxf3 Bg4 55. Bxg4 Kxg4 56. Ke4 e2 57. Ke3 e1=Q+ 58. Kd3 Kf3 59. Kd4 Qe3+ 60. Kd5 Qe4+ 61. Kc5 Kf4 0-1


[Site "https://www.chess.com"]

[Event "Titled Tuesday Blitz January 31 Early 2023"]
[White "De Souza, Cristiano Gomes"]
[Black "Mosquera, Miguel"]
[WhiteFideId "2151758"]
[BlackFideId "4401131"]
[WhiteElo "2018"]
[BlackElo "2371"]
[Result "0-1"]
[Round "09"]
[TimeControl "180+2"]
[Date "2023.01.31"]
[WhiteClock "0:00:43"]
[BlackClock "0:00:10"]

1. d4 d5 2. c4 e6 3. Nf3 Nf6 4. Nc3 Bd6 5. Bg5 c6 6. e3 Nbd7 7. Rc1 O-O 8. Bd3 h6 9. Bh4 Re8 10. O-O Qc7 11. Bg3 Bxg3 12. fxg3 dxc4 13. Bxc4 e5 14. d5 cxd5 15. Nxd5 Nxd5 16. Bxd5 Qb6 17. Rc3 Nf6 18. Bb3 Bg4 19. h3 Rad8 20. Qe2 Bd7 21. Rd1 Bb5 22. Qe1 Ne4 23. Rxd8 Rxd8 24. Nxe5 Nxc3 25. Nxf7 Rd5 26. Qxc3 Rd1+ 27. Kh2 Kh7 28. Qc2+ Rd3 29. Ne5 Qxe3 30. Nxd3 Bxd3 31. Qc3 Qe4 32. Bd1 Bf1 33. Bf3 Qe7 34. Qc2+ Kh8 35. Qe4 Qxe4 36. Bxe4 b6 37. Kg1 Bc4 38. a3 Bf7 39. Kf2 Kg8 40. Ke3 Kf8 41. Kd4 Ke7 42. b4 Bb3 43. Bc6 Kd6 44. Be8 Bd5 45. h4 Bxg2 46. g4 g5 47. hxg5 hxg5 48. a4 Bf3 49. Bh5 a5 50. bxa5 bxa5 51. Kc4 Bc6 52. Kb3 Kc5 53. Ka3 Kc4 54. Bf7+ Kd4 55. Kb3 Bd5+ 56. Bxd5 Kxd5 57. Kc3 Kc5 58. Kd3 Kb4 59. Ke4 Kxa4 60. Kf5 Kb5 61. Kxg5 a4 62. Kh6 a3 63. g5 a2 64. g6 a1=Q 65. g7 Qh1+ 66. Kg6 Qe4+ 67. Kf7 Qd5+ 68. Kf8 Qd6+ 69. Kf7 Qd7+ 70. Kf8 Qf5+ 71. Ke7 Qg5+ 72. Kf8 Qf6+ 73. Kg8 Kc5 74. Kh7 Qf7 75. Kh8 Qh5+ 76. Kg8 Kd6 77. Kf8 Qf5+ 78. Kg8 Ke6 79. Kh8 Qh5+ 80. Kg8 Kf6 0-1


[Site "https://www.chess.com"]

[Event "Titled Tuesday Blitz January 31 Early 2023"]
[White "Cramling Bellon, Anna"]
[Black "Kostiukov, Alexandr"]
[WhiteFideId "32009232"]
[BlackFideId "14108100"]
[WhiteElo "2043"]
[BlackElo "2271"]
[Result "0-1"]
[Round "09"]
[TimeControl "180+2"]
[Date "2023.01.31"]
[WhiteClock "0:00:01"]
[BlackClock "0:00:03"]

1. d4 g6 2. c4 Bg7 3. e4 d6 4. Nc3 e5 5. d5 f5 6. exf5 Bxf5 7. Bd3 Nf6 8. Bxf5 gxf5 9. Nf3 O-O 10. Ng5 Qe7 11. Ne6 Re8 12. Bg5 Qf7 13. Qb3 b6 14. Nb5 Na6 15. Qa3 Nc5 16. Nbxc7 Nxe6 17. Nxe6 Ne4 18. h4 Rac8 19. f3 Ng3 20. Rh3 Nh5 21. Qxd6 Rxc4 22. Nd8 Qg6 23. Qxg6 hxg6 24. Nc6 e4 25. Kf1 e3 26. Re1 f4 27. Ne7+ Kf7 28. d6 Rd4 29. d7 Rxd7 30. Nxg6 Kxg6 31. g4 Ng3+ 32. Kg2 Rd2+ 33. Kg1 Ne2+ 34. Kf1 Nd4 35. Bxf4 Rf8 36. Bxe3 Nxf3 37. Bxd2 Nxd2+ 38. Ke2 Nc4 39. Kd3 Ne5+ 40. Kc2 Nxg4 41. h5+ Kg5 42. Rg1 Rf2+ 43. Kb3 Bh6 44. Rhg3 Rf4 45. a4 Kxh5 46. Rh1+ Kg5 47. Rgh3 Bg7 48. Rh5+ Kg6 49. R5h4 Bf6 50. Rh7 Rf2 51. Rxa7 Rxb2+ 52. Ka3 Ne3 53. Rg1+ Kf5 54. Ra6 Nc4# 0-1


[Site "https://www.chess.com"]

[Event "Titled Tuesday Blitz January 31 Early 2023"]
[White "Quirke, Jeffrey"]
[Black "Adithya A Chullikkad"]
[WhiteFideId "2013029"]
[BlackFideId "45078734"]
[WhiteElo "2007"]
[BlackElo "2259"]
[Result "0-1"]
[Round "09"]
[TimeControl "180+2"]
[Date "2023.01.31"]
[WhiteClock "0:00:02"]
[BlackClock "0:00:47"]

1. e4 c5 2. Nc3 d6 3. f4 Nc6 4. Nf3 e6 5. Bb5 Bd7 6. a4 a6 7. Bc4 Be7 8. O-O Nf6 9. d3 O-O 10. Qe1 Rb8 11. e5 dxe5 12. fxe5 Nd5 13. Nxd5 exd5 14. Bxd5 Nb4 15. Bb3 Be6 16. Bxe6 fxe6 17. Qe2 Qd5 18. Be3 Rf5 19. Rad1 Rbf8 20. c3 Nc6 21. d4 cxd4 22. cxd4 Qe4 23. Qd3 Qxd3 24. Rxd3 Nb4 25. Rb3 Nd5 26. Bf2 b6 27. Rc1 a5 28. Rc6 Kf7 29. Rcxb6 Nxb6 30. Rxb6 Bb4 31. Rb7+ Kg8 32. d5 exd5 33. e6 Re8 34. Bd4 Bf8 35. e7 Rxe7 36. Rb8 Kf7 37. Bc5 Re8 38. Rb7+ Kg8 39. Bd4 Rf7 40. Rb5 g6 41. Rxd5 Bg7 42. Rd6 Bxd4+ 43. Rxd4 Rb7 44. h3 Rxb2 45. Rd7 Rb4 46. Ng5 h6 47. Nh7 Re1+ 48. Kh2 Rf4 49. h4 Rf7 50. Rxf7 Kxf7 0-1


[Site "https://www.chess.com"]

[Event "Titled Tuesday Blitz January 31 Early 2023"]
[White "Player, Edmund C"]
[Black "Kiseleva, Arina"]
[WhiteFideId "406520"]
[BlackFideId "4164989"]
[WhiteElo "2204"]
[BlackElo "1962"]
[Result "0-1"]
[Round "09"]
[TimeControl "180+2"]
[Date "2023.01.31"]
[WhiteClock "0:00:08"]
[BlackClock "0:00:59"]

1. e4 c6 2. d4 d5 3. Nd2 dxe4 4. Nxe4 Nf6 5. Nxf6+ exf6 6. c3 Bd6 7. Bd3 Na6 8. Qc2 h5 9. Ne2 Nc7 10. Bf4 Nd5 11. Bxd6 Qxd6 12. O-O h4 13. h3 Kf8 14. Bf5 g5 15. Rae1 Kg7 16. a3 b5 17. Bxc8 Raxc8 18. Nc1 c5 19. dxc5 Rxc5 20. Nb3 Rc4 21. Nd4 Qb6 22. Nf5+ Kf8 23. Re2 Nf4 24. Rd2 Rc8 25. Re1 Qc6 26. Qb3 Qxg2# 0-1


[Site "https://www.chess.com"]

[Event "Titled Tuesday Blitz January 31 Early 2023"]
[White "Levine, David"]
[Black "Ricaurte Lopez, Juan Carlos"]
[WhiteFideId "2011611"]
[BlackFideId "3600327"]
[WhiteElo "2040"]
[BlackElo "2226"]
[Result "0-1"]
[Round "09"]
[TimeControl "180+2"]
[Date "2023.01.31"]
[WhiteClock "0:01:10"]
[BlackClock "0:00:45"]

1. d4 c5 2. d5 e6 3. c4 Nf6 4. Nc3 exd5 5. cxd5 d6 6. Nf3 g6 7. g3 Bg7 8. Bg2 O-O 9. O-O a6 10. a4 b6 11. e4 Re8 12. Re1 Bg4 13. Bf4 Ra7 14. Qd2 Bxf3 15. Bxf3 Rae7 16. Bg2 Nh5 17. Bg5 f6 18. Be3 f5 19. Bg5 Nf6 20. exf5 gxf5 21. Bh3 Rxe1+ 22. Rxe1 Rxe1+ 23. Qxe1 Nbd7 24. Qe6+ Kf8 25. Qxd6+ Qe7 26. Qxe7+ Kxe7 27. Bxf5 Ne5 28. Kg2 Nc4 29. b3 Nd6 30. Ne4 Nxf5 31. d6+ Kf7 32. a5 Nxe4 0-1


[Site "https://www.chess.com"]

[Event "Titled Tuesday Blitz January 31 Early 2023"]
[White "Mohammadian, Mohammad"]
[Black "Winkels, Marcel"]
[WhiteFideId "12566055"]
[BlackFideId "1003887"]
[WhiteElo "1398"]
[BlackElo "1960"]
[Result "0-1"]
[Round "09"]
[TimeControl "180+2"]
[Date "2023.01.31"]
[WhiteClock "0:00:02"]
[BlackClock "0:00:07"]

1. e4 c5 2. Nf3 e6 3. d4 cxd4 4. Nxd4 Nc6 5. Nc3 Qc7 6. Be3 a6 7. Bd3 Bb4 8. a3 Bxc3+ 9. bxc3 Nge7 10. O-O O-O 11. Re1 d6 12. f3 b5 13. Qe2 Bb7 14. Qf2 Rac8 15. Ne2 Ne5 16. Red1 Nc4 17. Bxc4 Qxc4 18. Rd4 Qc6 19. Rad1 Rfd8 20. R4d3 d5 21. exd5 Nxd5 22. Kh1 h6 23. Bd4 Qc7 24. Qh4 Qe7 25. Qg4 Nf6 26. Bxf6 Qxf6 27. Rxd8+ Rxd8 28. Rxd8+ Qxd8 29. Qd4 Qc7 30. Kg1 e5 31. Qd3 f6 32. Kf1 Bc8 33. Qd5+ Kf8 34. Qa8 Ke7 35. Ng3 Qxc3 36. Qa7+ Bd7 37. Nf5+ Kd8 38. Qb8+ Qc8 39. Qxc8+ Kxc8 40. Nxg7 Kc7 41. Nh5 f5 42. Ng3 Kc6 43. Ke1 Kc5 44. Kd2 Kc4 45. Nf1 a5 46. Ne3+ Kc5 47. c3 Be6 48. Nc2 f4 49. Ne1 Bf5 50. g3 fxg3 51. hxg3 Bh3 52. Nd3+ Kd5 53. f4 e4 54. Ne5 Bg2 55. Nf7 h5 56. Ng5 Kc5 57. Ne6+ Kc4 58. Nc7 b4 59. cxb4 axb4 60. axb4 Kxb4 61. Ne6 Kc4 62. Ke3 Kd5 63. Ng5 Bh1 64. Nh3 Bf3 65. Ng5 Bg2 66. Nf7 Ke6 67. Nd8+ Kf5 68. Nc6 Kg4 69. Ne5+ Kxg3 0-1


[Site "https://www.chess.com"]

[Event "Titled Tuesday Blitz January 31 Early 2023"]
[White "Iskusnyh, Sergei"]
[Black "Gritsenko, Nikolai"]
[WhiteFideId "4120027"]
[BlackFideId "14112493"]
[WhiteElo "2440"]
[BlackElo "2309"]
[Result "1/2-1/2"]
[Round "09"]
[TimeControl "180+2"]
[Date "2023.01.31"]
[WhiteClock "0:00:31"]
[BlackClock "0:00:09"]

1. d4 d5 2. c4 e6 3. Nf3 Nf6 4. g3 Bb4+ 5. Bd2 Be7 6. Bg2 O-O 7. O-O c6 8. Qc2 b6 9. Rc1 Ba6 10. cxd5 cxd5 11. Qd1 Nbd7 12. a3 Rc8 13. Rxc8 Qxc8 14. Bb4 Re8 15. Nbd2 Qb7 16. Bxe7 Rxe7 17. Rc1 Re8 18. Ne5 Rc8 19. Nxd7 Qxd7 20. e3 Rxc1 21. Qxc1 Qc8 22. Qxc8+ Bxc8 23. Bf1 Kf8 24. Bb5 Ke7 25. f3 Ne8 26. Kf2 Nd6 27. Bd3 h6 28. Nb1 Bb7 29. Nc3 f6 30. f4 g5 31. fxg5 fxg5 32. Ne2 Bc6 33. Nc3 Be8 34. h4 Kf6 35. hxg5+ Kxg5 36. Ne2 Bg6 37. Ba6 Bf5 38. Nc3 Ne4+ 39. Nxe4+ Bxe4 40. Bc8 Kf6 41. b4 h5 42. Bd7 Bf5 43. Kf3 Kg5 44. Bc8 Be4+ 45. Kf2 Bf5 46. Ba6 Bg4 47. Bd3 Bf5 48. Bf1 Bg4 49. Ba6 Bf5 50. Kg2 Bg4 51. Kf2 Bf5 52. a4 Bg4 53. a5 bxa5 54. bxa5 Bf5 55. Bc8 Bg4 56. Bd7 Bf5 57. Bc8 Bg4 58. Ba6 Bf5 59. Bb7 Bg4 60. e4 dxe4 61. Bxe4 Bf5 62. Bb7 Kg4 63. Bf3+ Kg5 64. Ke3 Bg4 65. Bb7 Kf6 66. Kf4 Ke7 67. Be4 Kd6 68. Kg5 Bd1 69. Kf4 Bg4 70. Bb7 Bd1 71. Kg5 Be2 72. Kf6 Bd1 73. Bg2 Bg4 74. Kg5 Bd1 75. Be4 Be2 76. Bg6 Kd5 77. Bf7 Kxd4 78. Bxe6 Kc5 79. Bf7 Kb4 80. Bxh5 Bc4 81. Kf6 Kxa5 82. g4 Be2 83. Kg5 Bxg4 84. Bxg4 Kb4 85. Bd1 a5 86. Kf4 a4 87. Bxa4 1/2-1/2


[Site "https://www.chess.com"]

[Event "Titled Tuesday Blitz January 31 Early 2023"]
[White "Gundam, Rohit"]
[Black "Mayaud, Raphael"]
[WhiteFideId "75002809"]
[BlackFideId "627151"]
[WhiteElo "2058"]
[BlackElo "2201"]
[Result "1-0"]
[Round "09"]
[TimeControl "180+2"]
[Date "2023.01.31"]
[WhiteClock "0:00:28"]
[BlackClock "0:00:01"]

1. d4 Nf6 2. Nf3 d5 3. c4 c6 4. Nc3 e6 5. cxd5 exd5 6. Bg5 Be7 7. e3 O-O 8. Bd3 Nbd7 9. O-O Re8 10. Qc2 Nf8 11. a3 Ne4 12. Bxe4 dxe4 13. Nxe4 Bf5 14. Bf4 Bxe4 15. Qxe4 Bxa3 16. Qf5 Be7 17. Ne5 Bf6 18. Rfd1 Bxe5 19. Bxe5 Qe7 20. Bg3 a6 21. Qc5 Rad8 22. b4 Ne6 23. Qc4 Qd7 24. f3 Nc7 25. Bf2 Nb5 26. e4 Qe6 27. d5 cxd5 28. exd5 Qd7 29. Re1 Rxe1+ 30. Rxe1 g6 31. Bh4 Re8 32. Rxe8+ Qxe8 33. Kf2 h5 34. Bf6 Qd7 35. Qf4 Qd6 36. Qxd6 Nxd6 37. Be7 Nc8 38. d6 Nb6 39. Ke3 f5 40. Kd4 Kf7 41. Bd8 Nd7 42. Kd5 b6 43. Kc6 Ke6 44. Bxb6 Ne5+ 45. Kb7 1-0


[Site "https://www.chess.com"]